 Dungeon Crawl Stone Soup version 0.29.1-1-gd02db6906a (webtiles) character file.

Game seed: 14411564813429759922

33 Sabo the Trooper (level 3, -1/29 HPs)
             Began as a Demonspawn Berserker on Oct 20, 2022.
             Was a Believer of Trog.
             Slain by Sigmund
             ... wielding a +0 scythe
              (3 damage)
             ... on level 2 of the Dungeon.
             The game lasted 00:07:07 (1809 turns).

Sabo the Trooper (Demonspawn Berserker)             Turns: 1809, Time: 00:07:08

Health: -1/29      AC: 13    Str: 19    XL:     3   Next: 12%
Magic:  3/3        EV:  6    Int:  8    God:    Trog [**....]
Gold:   46         SH:  0    Dex: 12    Spells: 2/2 levels left

rFire   . . .      SeeInvis .   m - +1 short sword (speed)
rCold   . . .      Faith    .   (no shield)
rNeg    . . .      Spirit   .   c - +0 plate armour
rPois   .          Reflect  .   (no helmet)
rElec   .          Harm     .   (no cloak)
rCorr   .          Rampage  .   d - +0 pair of gloves
Will    .....                   g - +0 pair of boots
Stlth   ..........              (no amulet)
HPRegen 0.09/turn               (no ring)
MPRegen 0.08/turn               (no ring)

@: no status effects
A: hooves 1
a: Renounce Religion, Berserk, Trog's Hand


You were on level 2 of the Dungeon.
You worshipped Trog.
Trog was pleased with you.
You visited 1 branch of the dungeon, and saw 2 of its levels.

You collected 46 gold pieces.

Inventory:

Hand Weapons
 a - a +0 hand axe
 m - a +1 short sword of speed (weapon)
Armour
 c - a +0 plate armour (worn)
 d - a +0 pair of gloves (worn)
 g - a +0 pair of boots (worn)
Jewellery
 e - a ring of fire
Scrolls
 f - a scroll of torment {unknown}
 k - a scroll of identify {unknown}
 n - a scroll of summoning {unknown}
Potions
 b - 2 potions of curing {unknown}
 h - a potion of berserk rage {unknown}
 i - 3 potions of degeneration {unknown}
 j - a potion of haste {unknown}
 l - a potion of brilliance {unknown}


   Skills:
 + Level 3.5 Fighting
 + Level 3.0 Axes
 + Level 2.2 Armour
 + Level 2.0 Dodging


You had 2 spell levels left.
You didn't know any spells.
Your spell library was empty.

Dungeon Overview and Level Annotations

Branches:
Dungeon (2/15)

Altars:

Annotations:
D:2 Sigmund


Innate Abilities, Weirdness & Mutations

You have large cloven feet.


Message History

Sigmund is heavily wounded.
Sigmund hits you but does no damage.
You barely miss Sigmund.
Sigmund is heavily wounded.
You hit Sigmund but do no damage.
Sigmund is heavily wounded.
Sigmund hits you but does no damage.
You closely miss Sigmund.
Sigmund is heavily wounded.
You hit Sigmund.
Sigmund is heavily wounded.
Sigmund casts a spell at you. You resist with significant effort.
You hit Sigmund.
Sigmund is heavily wounded.
Sigmund gestures at you while chanting. You resist with significant effort.
You hit Sigmund.
Sigmund is severely wounded.
You hit Sigmund but do no damage.
Sigmund is severely wounded.
Sigmund hits you with a +0 scythe.
You closely miss Sigmund.
Sigmund is severely wounded.
You hit Sigmund but do no damage.
Sigmund is severely wounded.
Sigmund casts a spell.
Sigmund flickers and vanishes!
Deactivating autopickup; reactivate with Ctrl-A.
You hit something. Something hits you!
* * * LOW HITPOINT WARNING * * *
You closely miss something. You closely miss something.
Something completely misses you.
You barely miss something. You hit something but do no damage.
You hear some strange, mumbled words.
A puff of flame appears from out of thin air!
The puff of flame hits you but does no damage.
You barely miss something. Something hits you.
You die...

#.# #.##.#.#####.########..##
#.#####.##.#...................
##............................##
#........##.#..######.#######.#
#..####.###.#..# #######.#
#.........#.#..# #.......#
##'####.#.#.#..# #.#######
#....##.#.#<#..######.#.#
#....##.#.###..@{.....#.#
#....##.......#########'##
#....##.#.###.# ###.....#
#....##.#.# #.# #.'.....#
##.####.#.###.####.#.....#
##'####.#.................#
#.....#.#.###.####.######## ####
#:....#.#..........##########...
#.....#.##########..............


There were no monsters in sight!

Vanquished Creatures
  A worm (D:2)
  3 ball pythons
  4 endoplasms
  3 giant cockroaches
  4 hobgoblins
  2 jackals (D:1)
  A kobold (D:1)
  2 quokkas (D:1)
  4 bats
  2 frilled lizards (D:1)
26 creatures vanquished.

Notes
Turn   | Place    | Note
-------+----------+-------------------------------------------
     0 | D:1      | Sabo the Demonspawn Berserker began the quest for the Orb.
     0 | D:1      | Reached XP level 1. HP: 18/18 MP: 1/1
   179 | D:1      | Gained mutation: You have large cloven feet. [demonic
                  | ancestry]
   179 | D:1      | Reached XP level 2. HP: 22/24 MP: 2/2
   207 | D:1      | Found a faded altar of an unknown god.
  1418 | D:2      | Reached ** piety under Trog
  1541 | D:2      | Reached XP level 3. HP: 27/29 MP: 3/3
  1769 | D:2      | Noticed Sigmund
  1804 | D:2      | HP: 1/29 [something (8)]
  1809 | D:2      | Slain by Sigmund

Illustrated notes

Levels and vault maps discovered:
D:1:      dpeg_arrival_tiny_i, layout_loops_corners,
          shapermc_ecumenical_altar_venn
D:2:      layout_basic, corexii_leaking_fountain, uniq_sigmund

Skill      XL: |  1  2 |
---------------+-------+-----
Armour         | 2 |  2.2
Axes           | 3 |  3.0
Dodging        | 2 |  2.0
Fighting       | |  3.5

Action                   || total
-------------------------++-------
Melee: Hand axe          ||    71
       Kick              ||     3
       Punch             ||     1
       Short sword       ||    47
Armor: Plate armour      ||    58
       Animal skin       ||     1
Dodge: Dodged            ||    26
